 Dungeon Crawl Stone Soup version 0.31-a0-180-g519b7de00c (webtiles) character file.

Game seed: 16862052717105708471

319340 Drazool the Severer (level 21, -8/113 (124) HPs)
             Began as a Vine Stalker Fighter on June 16, 2023.
             Was the Champion of Ru.
             Killed from afar by a fire giant (38 damage)
             ... with a bolt of fire
             ... on level 1 of the Depths on June 19, 2023.
             The game lasted 02:11:16 (35267 turns).

Drazool the Severer (Vine Stalker Fighter)         Turns: 35267, Time: 02:11:17

HP:   -8/113 (124)  AC: 36    Str: 51    XL:     21   Next: 47%
MP:   0/36          EV: 12    Int:  5    God:    Ru [******]
Gold: 1092          SH:  0    Dex: 16    Spells: 40/40 levels left

rFire   . . .        a - +8 frozen axe "Frostbite" {freeze, freezing cloud, *Noise Fly rC+}
rCold   + + .        (shield currently unavailable)
rNeg    + + .        N - +8 ice dragon scales of the Pirate {rElec rF- rC++ Str+10 Int-3 Dex-2}
rPois   +            U - +2 helmet
rElec   +            e - +2 cloak {rPois}
rCorr   .            x - +2 pair of gloves
SInv    .            o - +2 pair of boots {rampage}
Will    +++..        h - amulet of the Empire {Acrobat Str+6} Stlth
                     O - ring of the Eagle {rN++ Will+ Str+6 Dex+3 Stlth-}
HPRegen 1.18/turn    F - ring of fire
MPRegen 0.25/turn

%: acrobat, guardian spirit, rampage
@: exhausted, flying, studying Ice Magic, drained, unable to drink
A: fangs 3, regeneration 1, magic shield, antimagic bite, no potion heal 2,
inability to drink after injury 2, inability to use devices, hated by all, no
fire magic, no hexes magic, no necromancy magic, unskilled 1
}: 2/15 runes: serpentine, barnacled
a: Renounce Religion, Draw Out Power, Power Leap, Apocalypse


You were on level 1 of the Depths.
You worshipped Ru.
Ru was exalted by your worship.
You visited 9 branches of the dungeon, and saw 38 of its levels.
You also visited: Sewer, Gauntlet and Ice Cave.

You collected 3734 gold pieces.
You spent 2642 gold pieces at shops.


Innate Abilities, Weirdness & Mutations

You have razor-sharp teeth.
Your natural rate of healing is unusually fast.
When hurt, damage is shared between your health and your magic reserves.
Your bite disrupts and absorbs the magic of your enemies.
Potions cannot restore your health.
You sometimes lose the ability to drink potions when taking damage.
You cannot study or use magical devices.
You are hated by all.
You cannot study or cast Fire magic.
You cannot study or cast Hexes magic.
You cannot study or cast Necromancy magic.
You are somewhat unskilled. (-1 Apt)


   Skills:
 - Level 18.5 Fighting
 + Level 19.8(20.5) Axes
 - Level 9.5(15.8) Maces & Flails
 - Level 13.3 Armour
 - Level 2.8 Dodging
 - Level 4.2 Shields
 - Level 10.4 Spellcasting


You had 40 spell levels left.
You didn't know any spells.
Your spell library contained the following spells:

 Spells                   Type           Power      Damage    Failure   Level
 Freeze                   Ice            8%         1d3       26%         1
 Magic Dart               Conj           8%         1d3       26%         1
 Sting                    Tmut/Pois      8%         1d3       26%         1
 Passwall                 Tmut/Erth      1%         N/A       38%         2
 Poisonous Vapours        Pois/Air       4%         N/A       38%         2
 Wereblood                Tmut           2%         N/A       38%         2
 Frozen Ramparts          Ice            4%         1d1       63%         3
 Hailstorm                Conj/Ice       2%         3d3       63%         3
 Swiftness                Air            2%         N/A       63%         3
 Ice Form                 Ice/Tmut       2%         N/A       95%         4
 Iskenderun's Mystic Bla  Conj/Tloc      2%         2d3       95%         4
 Olgreb's Toxic Radiance  Pois           2%         N/A       95%         4
 Petrify                  Tmut/Erth      2%         N/A       95%         4
 Blade Hands              Tmut           1%         N/A       100%        5
 Freezing Cloud           Conj/Ice/Air   1%         6-21      100%        5
 Lee's Rapid Deconstruct  Erth           1%         3d4*      100%        5
 Statue Form              Tmut/Erth      1%         N/A       100%        6
 Dragon Form              Tmut           1%         N/A       100%        7
 Chain Lightning          Conj/Air       1%         3d1       100%        9
 Shatter                  Erth           1%         3d5*      100%        9
 Kiss of Death            Conj/Necr      Unusable   2d6       N/A         1
 Slow                     Hex            Unusable   N/A       N/A         1
 Ensorcelled Hibernation  Hex/Ice        Unusable   N/A       N/A         2
 Sublimation of Blood     Necr           Unusable   N/A       N/A         2
 Inner Flame              Hex/Fire       Unusable   N/A       N/A         3
 Portal Projectile        Hex/Tloc       Unusable   N/A       N/A         3
 Tukima's Dance           Hex            Unusable   N/A       N/A         3
 Volatile Blastmotes      Fire/Tloc      Unusable   2d10      N/A         3
 Cause Fear               Hex            Unusable   N/A       N/A         4
 Fulminant Prism          Conj/Hex       Unusable   3d5       N/A         4
 Summon Ice Beast         Ice/Summ       Unusable   N/A       N/A         4
 Metabolic Englaciation   Hex/Ice        Unusable   N/A       N/A         5
 Yara's Violent Unravell  Hex/Tmut       Unusable   3d3       N/A         5
 Enfeeble                 Hex            Unusable   N/A       N/A         7
 Summon Hydra             Summ           Unusable   N/A       N/A         7
 Discord                  Hex            Unusable   N/A       N/A         8
 Ignition                 Fire           Unusable   3d3       N/A         8
 Dragon's Call            Summ           Unusable   N/A       N/A         9
 Fire Storm               Conj/Fire      Unusable   8d1       N/A         9

Inventory:

Hand Weapons
 a - the +8 frozen axe "Frostbite" (weapon) {freeze, freezing cloud, *Noise Fly rC+}
   (You found it in a Gauntlet)

   rC:        It protects you from cold.
   Fly:       It grants you flight.
   *Noise:    It may make noises in combat.
 b - a +0 battleaxe of flaming
 L - a +4 executioner's axe of electrocution
Missiles
 D - 8 throwing nets {=f}
 M - 6 curare-tipped darts {=f}
 Q - 44 boomerangs (quivered)
 S - 37 poisoned darts
 T - 9 javelins
Armour
 e - a +2 cloak of poison resistance (worn)
 o - a +2 pair of boots of rampaging (worn)
 u - the +1 pair of boots "Petsif" {Rampage *Slow +Blink Dex+3}
   (You found it on level 3 of the Vaults)

   Dex:       It affects your dexterity (+3).
   +Blink:    It lets you blink.
   *Slow:     It may slow you when you take damage.
   Rampage:   It bestows one free step when moving towards enemies.
 x - a +2 pair of gloves (worn)
 N - the +8 ice dragon scales of the Pirate (worn) {rElec rF- rC++ Str+10 Int-3 Dex-2}
   (You found it on level 4 of the Vaults)

   Str:       It affects your strength (+10).
   Int:       It affects your intelligence (-3).
   Dex:       It affects your dexterity (-2).
   rF:        It makes you vulnerable to fire.
   rC:        It greatly protects you from cold.
   rElec:     It insulates you from electricity.
 U - a +2 helmet (worn)
 X - +0 shadow dragon scales
Jewellery
 h - the amulet of the Empire (around neck) {Acrobat Str+6}
   (You acquired it on level 3 of the Shoals)

   [amulet of the acrobat]

   It increases your evasion while moving and waiting.
   Str:       It affects your strength (+6).
 v - a ring of see invisible
 B - an amulet of reflection
 C - an amulet of regeneration
 F - a ring of fire (right hand)
 G - the ring "Xynopis" {rPois rC+ Int+2 Slay+2}
   (You bought it in a shop on level 2 of the Snake Pit)

   [ring of protection from cold]

   Int:       It affects your intelligence (+2).
   Slay:      It affects your accuracy & damage with ranged weapons and melee
   (+2).
   rC:        It protects you from cold.
   rPois:     It protects you from poison.
 O - the ring of the Eagle (left hand) {rN++ Will+ Str+6 Dex+3 Stlth-}
   (You found it in a Gauntlet)

   [ring of strength]

   Str:       It affects your strength (+6).
   Dex:       It affects your dexterity (+3).
   rN:        It greatly protects you from negative energy.
   Will:      It increases your willpower.
   Stlth:     It makes you less stealthy.
 P - a ring of poison resistance
 R - the ring of Uwkej {*Corrode rC+++ rN+ Will+ Slay+3}
   (You found it in a Gauntlet)

   [ring of positive energy]

   Slay:      It affects your accuracy & damage with ranged weapons and melee
   (+3).
   rC:        It renders you almost immune to cold.
   rN:        It protects you from negative energy.
   *Corrode:  It may corrode you when you take damage.
   Will:      It increases your willpower.
 W - a ring of willpower
Scrolls
 c - 7 scrolls of fear
 d - 3 scrolls of brand weapon
 f - 12 scrolls of identify {@r1}
 i - 23 scrolls of teleportation {@r2}
 j - 3 scrolls of poison
 k - 2 scrolls of enchant weapon
 l - 4 scrolls of enchant armour
 r - 7 scrolls of amnesia
 s - 9 scrolls of immolation
 w - 5 scrolls of vulnerability
 y - 4 scrolls of revelation
 H - a scroll of silence {!r}
 I - 3 scrolls of blinking
 Z - 3 scrolls of fog
Potions
 g - 7 potions of attraction
 m - 6 potions of haste {@q3}
 n - 6 potions of might
 p - 17 potions of curing {@q1}
 q - 5 potions of lignification
 t - 5 potions of brilliance
 z - 11 potions of enlightenment
 A - a potion of resistance
 E - 3 potions of cancellation
 J - 2 potions of magic
 K - 4 potions of mutation
 V - 2 potions of ambrosia
 Y - 2 potions of berserk rage {!q}

Dungeon Overview and Level Annotations

Branches:
Dungeon (15/15)            Temple (1/1) D:5            Lair (5/5) D:10
 Shoals (4/4) Lair:2        Snake (4/4) Lair:3        Slime (0/5) Lair:5
    Orc (2/2) D:9             Elf (2/3) Orc:2        Vaults (4/5) D:13
  Crypt (0/3) Vaults:3     Depths (1/4) D:15          Sewer (visited)
  IceCv (visited)         Gauntlet (visited)

Altars:
Ashenzari
Cheibriados
Dithmenos
Elyvilon
Gozag
Kikubaaqudgha
Makhleb
Nemelex Xobeh
Okawaru
Qazlal
Ru
Sif Muna
Trog
Uskayaw
Vehumet
Wu Jian
Xom
Zin
The Shining One

Shops:
D:7 !   Orc:2 :((=   Elf:2 =?[[   Snake:2 =:=   Snake:3 [   Vaults:1 :
Vaults:3 *   Depths:1 (

Annotations:
D:2 1 runed translucent door, Crazy Yiuf
D:3 2 transporters, Brisketman's ghost, weakling FeTm
D:6 1 runed translucent door, AwFulAwFulPlayer's ghost, novice OpMo
D:10 2 transporters
Lair:2 exclusion: oklob plant
Lair:5 exclusion: obsidian statue
Shoals:1 3 runed translucent doors, wolfgangpup's ghost, adept GnFi
Shoals:2 2 transporters, Mungiw's ghost, adept MiBe
Shoals:3 3 runed translucent doors, Ofeo's ghost, adept AtRe
Elf:2 3 runed translucent doors
Vaults:2 1 runed translucent door, Yptir's ghost, adept AtFE

......~~~....#.........
.....(≈~~....#.......~~
.....~~≈.............~≈
~~....~~.............~.
.~......[...#......~~..##
.....i..##.).......~~....
....i...##.(.[..........##
).C.C.####...†..V#..~....#
.[..........††CC@##.~≈~≈..
......##......T[.#..~≈≈~~.
[...........[Q..(#..~≈~~~.
....~................~≈...
....~.............).......
....~.∩.......†..........:
~......~.............
≈......~.[...▒..#....
≈~....~~..##.#..▒ ...


You could see 2 fire giants, an iron troll, a vampire knight and a tengu
conjurer.


Message History

You hit the iron troll but do no damage.
Unknown command.
You slash the iron troll! You bite the iron troll. You drain its power.
You feel invigorated.
The iron troll is moderately wounded.
You slash the iron troll!
You kill the iron troll!
The fire giant casts a spell at the iron troll.
The bolt of fire hits the iron troll!
The iron troll resists.
The bolt of fire hits you!!!
You feel threatened and lose the ability to drink potions!
* * * LOW HITPOINT WARNING * * *
The iron troll bites you!
* * * LOW HITPOINT WARNING * * *
The iron troll claws you but does no damage.
The iron troll barely misses you.
The vampire knight gestures at you while chanting.
The vampire knight blinks!
You see here a deep troll corpse.
You redirect the fire giant's attack!
The fire giant casts a spell at you.
The fireball explodes!
The fireball engulfs you!!
* * * LOW HITPOINT WARNING * * *
You redirect the vampire knight's attack!
The fire giant shouts!
There is a staircase back to the Dungeon, spattered with blood here.
The fire giant points at you and mumbles some strange words.
The bolt of fire hits the fire giant!
The fire giant resists.
The bolt of fire hits you!!!
You die...

Skill      XL: |  1  2  3  4  5  6  7  8  9 10 11 12 13 14 15 16 17 18 19 20 21 |
---------------+----------------------------------------------------------------+-----
Maces & Flails | 2 3 5 6 8 10 9 |  9.5
Fighting       | 6 8 9 11 10 11 12 13 15 16 18 | 18.5
Spellcasting   | 6 8 10 11 10 | 10.4
Armour         | 3 5 7 6 10 12 13 | 13.3
Dodging        | 2 3 2 |  2.8
Shields        | 3 4 |  4.2
Axes           | 8 12 14 16 17 19 | 19.8

Action                     |  1- 3 |  4- 6 |  7- 9 | 10-12 | 13-15 | 16-18 | 19-21 || total
---------------------------+-------+-------+-------+-------+-------+-------+-------++-------
  Melee: Flail             |    15 |       |       |       |       |       |       ||    15
         Bite              |    10 |    46 |    82 |   280 |   268 |   251 |   228 ||  1165
         Whip              |    55 |   205 |   266 |   630 |   142 |       |       ||  1298
         Executioner's axe |       |       |       |       |   527 |   658 |   539 ||  1724
         Punch             |       |       |       |       |     1 |       |       ||     1
         Battleaxe         |       |       |       |       |     3 |       |       ||     3
  Throw: Dart              |       |       |     6 |     7 |       |       |       ||    13
         Throwing net      |       |       |       |     2 |       |       |       ||     2
         Boomerang         |       |       |       |       |       |       |     3 ||     3
 Invoke: Sacrifice Artific |       |       |     1 |       |       |       |       ||     1
         Sacrifice Arcana  |       |       |       |     1 |       |       |       ||     1
         Sacrifice Drink   |       |       |       |     1 |       |       |       ||     1
         Draw Out Power    |       |       |       |     2 |     1 |     2 |     1 ||     6
         Apocalypse        |       |       |       |       |    10 |     8 |     6 ||    24
         Sacrifice Love    |       |       |       |       |     1 |       |       ||     1
         Sacrifice Skill   |       |       |       |       |     1 |       |       ||     1
  Evoke: Wand              |       |       |     3 |       |       |       |       ||     3
    Use: Potion            |       |     1 |     1 |       |     3 |       |       ||     5
         Scroll            |       |       |     8 |     7 |     8 |     7 |     1 ||    31
   Stab: Distracted        |       |       |     1 |     2 |     4 |    10 |       ||    17
         Held in net/web   |       |       |       |     1 |       |       |       ||     1
         Invisible         |       |       |       |     1 |     7 |     7 |     5 ||    20
         Paralysed         |       |       |       |       |     5 |     7 |     5 ||    17
         Sleeping          |       |       |       |       |       |       |     2 ||     2
 Armour: Scale mail        |    22 |    85 |    40 |     5 |       |       |       ||   152
         Ring mail         |       |       |       |   119 |   279 |    26 |       ||   424
         Shadow dragon sca |       |       |       |       |       |   295 |   262 ||   557
         Ice dragon scales |       |       |       |       |       |       |    24 ||    24
  Dodge: Dodged            |    24 |    93 |    45 |   133 |   343 |   258 |   274 ||  1170
  Block: Buckler           |    19 |    40 |    79 |   188 |    24 |       |       ||   350
         Reflection        |       |       |     4 |     9 |    19 |     9 |       ||    41
         Other             |       |       |       |       |   137 |    85 |       ||   222

Levels and vault maps discovered:
D:1:      saegor_arrival_simple_b, layout_basic
D:2:      minmay_evil_eye, layout_loops_ring,
          shapermc_ecumenical_altar_hornbeckon, minmay_tetromino_s4,
          uniq_crazy_yiuf_cottage, uniq_terence
D:3:      layout_basic, mainiacjoe_overflow_concentric_impassable,
          gammafunk_ghost_gnarly_gnolls, uniq_pargi
D:4:      layout_rooms, cheibrodos_sewer_entry_drain
D:5:      layout_basic, minmay_temple_entry_glassed_door
D:6:      layout_rooms, ebering_ghost_inner_flame
D:7:      minmay_chambers_of_sixes, layout_rooms, zin_statuary,
          mainiacjoe_overflow_catwalk, serial_shops,
          nicolae_shop_just_a_little_nook
D:8:      layout_cave_pools
D:9:      layout_basic, mainiacjoe_overflow_24_doors, tgw_xom
D:10:     gammafunk_jiyva_shrine, layout_grid_maze, general_overflow_altar,
          minmay_lair_entry_grove, grunt_ogre_cave
D:11:     layout_basic
D:12:     layout_cave_pools, uniq_sonja, uniq_maurice
D:13:     layout_basic, grunt_vaults_entry_tiered
D:14:     layout_gridville, nicolae_lava_and_water
D:15:     gammafunk_depths_entry_grave, layout_basic, chequers_big_river,
          chequers_arboretum, minmay_misc_feat_nine_boxes,
          minmay_misc_feat_enclosed, grunt_gozag_breadcrumbs, uniq_agnes
Temple:   kb_temple_of_zot
Lair:1:   layout_loops_ring, infiniplex_staircase_pool, grunt_megastairs_4
Lair:2:   layout_roguey, minmay_shoals_entry_hut, lemuel_fruit_fields,
          infiniplex_staircase_pool_2
Lair:3:   lemuel_slime, layout_misc_corridors,
          minmay_snake_entry_guardpost_small, gauntlet_entry_generic,
          serial_bayou_shore_b, lemuel_fruit_tree
Lair:4:   layout_gridlike, minmay_stone_trees_medium,
          chequers_serial_rivers_room_b
Lair:5:   due_jungle_book, layout_loops_ring, slime_entry_1, uniq_rupert
Shoals:1: layout_shoals, gammafunk_ghost_split
Shoals:2: layout_shoals, gammafunk_ghost_wrathful_warriors, uniq_ilsuiw
Shoals:3: layout_shoals, ebering_ghost_rock_garden,
          nicolae_shoals_aquamancer_cove
Shoals:4: shoals_end_hellmonk_lost_city
Snake:1:  layout_basic, nicolae_snake_boneroom, grunt_megastairs_5
Snake:2:  layout_onion_interference, minmay_shop_grove
Snake:3:  layout_chambers, minmay_shop_star
Snake:4:  minmay_snake_end_coiled, layout_basic, nicolae_snake_squiggles
Orc:1:    layout_caves, bh_open_orc_temple
Orc:2:    st_orc_rangers, layout_caves, portal_ice_cave_entry_pillars_2,
          mines2_lemuel
Elf:1:    eino_elf_arrival_altar, layout_geoelf_octagon,
          minmay_elf_annihilation, bh_hangedman_babel_library
Elf:2:    nicolae_elf_blades_crystal_corner, layout_loops_ring, serial_shops,
          nicolae_shop_window_shopping, nicolae_shop_rolled_up,
          nicolae_shop_hallway_stairs, shop, nicolae_shop_peninsula,
          serial_glass, glass_columns_a, glass_columns_b, grunt_ministairs_6
Vaults:1: vaults_room_semicircle, nicolae_vaults_sesquioval_fish,
          vaults_room_grunt_arrival_checkpoint, v_rooms_2,
          vaults_room_stairs_pillars, v_alt_pattern_5, vaults_room_octagon,
          nicolae_vaults_trapezoid_2, nicolae_vaults_storage_closets_3,
          hangedman_vaults_nails, nicolae_vaults_tetromino_T_1,
          vaults_room_stairs_pillars, layout_vaults_quadrants, serial_shops,
          nicolae_shop_pleasant_corner_grove
Vaults:2: gammafunk_ghost_grave, nicolae_vaults_specimen_jars,
          nicolae_vaults_sealed_display, hangedman_vaults_river_flow, v_misc_32,
          nicolae_vaults_what_the_h, nicolae_vaults_little_ls,
          nicolae_vaults_security_offices_2, v_misc_15, nicolae_vaults_six-pack,
          vaults_standard_mumra_x, ontoclasm_vaults_ligature,
          layout_vaults_omnicross
Vaults:3: vaults_dpeg_diagonal, vaults_dpeg_cross, ontoclasm_vaults_gateway,
          nicolae_vaults_tetromino_Z_1, minmay_crypt_entry_simple_statues,
          hangedman_vaults_variations, nicolae_vaults_stepped_doors, v_misc_22,
          vaults_room_semicircle, nicolae_vaults_weapon_check,
          nicolae_vaults_trapezoid_lopsided_1,
          nicolae_vaults_security_offices_4, nicolae_vaults_alarming,
          layout_vaults_chaotic_city, serial_shops, shop
Vaults:4: v_rooms_3, v_misc_33, nicolae_vaults_border_crossing, v_misc_11,
          layout_vaults_maze_snakey
Depths:1: layout_cave_pools, grunt_mini_vestibule, serial_shops, shop,
          st_stairs_2, bh_walls_and_bars

Notes
Turn   | Place    | Note
-------+----------+-------------------------------------------
     0 | D:1      | Drazool the Vine Stalker Fighter began the quest for the
                  | Orb.
     0 | D:1      | Reached XP level 1. HP: 11/11 MP: 2/2
    38 | D:1      | Reached skill level 2 in Maces & Flails
    38 | D:1      | Reached XP level 2. HP: 9/16 MP: 3/3
   262 | D:1      | Reached skill level 3 in Maces & Flails
   396 | D:1      | Reached XP level 3. HP: 19/19 MP: 4/4
   999 | D:2      | Found a runed translucent door.
  1000 | D:2      | Noticed Crazy Yiuf
  1046 | D:2      | Gained mutation: Your natural rate of healing is unusually
                  | fast. [Vine Stalker growth]
  1046 | D:2      | Reached XP level 4. HP: 23/23 MP: 5/5
  1215 | D:2      | Reached skill level 4 in Maces & Flails
  1317 | D:2      | Noticed Terence
  1323 | D:2      | Killed Terence
  1470 | D:2      | Found a faded altar of an unknown god.
  1903 | D:3      | Found a transporter.
  1956 | D:3      | Noticed Pargi
  1963 | D:3      | Killed Pargi
  1964 | D:3      | Reached skill level 5 in Maces & Flails
  1964 | D:3      | Reached XP level 5. HP: 27/27 MP: 6/6
  2124 | D:3      | Found an ornate altar of the Wu Jian Council.
  2324 | D:3      | Noticed Brisketman's ghost (weakling FeTm)
  2373 | D:3      | Found a transporter.
  2445 | D:3      | Reached XP level 6. HP: 12/32 MP: 4/7
  2493 | D:4      | Found a glowing drain.
  2509 | Sewer    | Entered a sewer
  2582 | Sewer    | Reached skill level 6 in Maces & Flails
  3283 | D:4      | Reached XP level 7. HP: 29/35 MP: 8/8
  3361 | D:4      | Reached skill level 7 in Maces & Flails
  3679 | D:5      | Entered Level 5 of the Dungeon
  3699 | D:5      | Reached skill level 8 in Maces & Flails
  3738 | D:5      | Gained mutation: You have razor-sharp teeth. [Vine Stalker
                  | growth]
  3738 | D:5      | Reached XP level 8. HP: 39/39 MP: 9/9
  3908 | D:5      | Found a staircase to the Ecumenical Temple.
  3916 | Temple   | Entered the Ecumenical Temple
  4035 | Temple   | Became a worshipper of Ru the Awakened
  4148 | D:5      | Reached skill level 9 in Maces & Flails
  4828 | D:6      | Identified 2 potions of resistance
  4831 | D:6      | Got Even Novices Can Use Hermeneutics!
  4866 | D:6      | Reached skill level 10 in Maces & Flails
  4896 | D:6      | Reached XP level 9. HP: 42/43 MP: 8/10
  4977 | D:6      | Found a runed translucent door.
  5021 | D:6      | Reached skill level 3 in Fighting
  5021 | D:6      | Reached skill level 1 in Spellcasting
  5067 | D:6      | Reached skill level 2 in Spellcasting
  5142 | D:6      | Gained mutation: You cannot study or use magical devices.
                  | [Ru sacrifice]
  5142 | D:6      | Reached * piety under Ru
  5142 | D:6      | Reached ** piety under Ru
  5180 | D:6      | Noticed AwFulAwFulPlayer's ghost (novice OpMo)
  5181 | D:6      | Noticed a purple ugly thing
  5252 | D:6      | Reached skill level 4 in Fighting
  5252 | D:6      | Reached skill level 3 in Spellcasting
  5422 | D:7      | Found a broken altar of Ashenzari.
  5484 | D:7      | Found Jureoc's Distillery.
  5489 | D:7      | Bought a potion of haste for 120 gold pieces
  5489 | D:7      | Bought a potion of attraction for 36 gold pieces
  5489 | D:7      | Bought 2 potions of curing for 72 gold pieces
  5519 | D:7      | Reached skill level 4 in Spellcasting
  5548 | D:7      | Reached skill level 5 in Fighting
  5643 | D:7      | Found a glowing silver altar of Zin.
  5726 | D:7      | Noticed a cyclops
  5728 | D:7      | Killed a cyclops
  5729 | D:7      | Reached skill level 5 in Spellcasting
  5739 | D:7      | Noticed a deep elf pyromancer
  5761 | D:7      | Killed a deep elf pyromancer
  5762 | D:7      | Reached skill level 6 in Fighting
  5762 | D:7      | Reached skill level 6 in Spellcasting
  5762 | D:7      | Reached XP level 10. HP: 50/53 MP: 17/20
  6126 | D:8      | Noticed a two-headed ogre
  6137 | D:8      | Killed a two-headed ogre
  6138 | D:8      | Reached skill level 7 in Fighting
  6138 | D:8      | Reached skill level 7 in Spellcasting
  6486 | D:9      | Found a hazy altar of Hepliaklqana.
  6524 | D:9      | Found a staircase to the Orcish Mines.
  6618 | D:9      | Found a shimmering altar of Xom.
  6830 | D:9      | Gained mutation: You cannot study or cast Fire magic. [Ru
                  | sacrifice]
  6830 | D:9      | Gained mutation: You cannot study or cast Hexes magic. [Ru
                  | sacrifice]
  6830 | D:9      | Gained mutation: You cannot study or cast Necromancy magic.
                  | [Ru sacrifice]
  6830 | D:9      | Reached *** piety under Ru
  6947 | D:9      | Noticed a two-headed ogre
  7000 | D:9      | Killed a two-headed ogre
  7001 | D:9      | Reached skill level 8 in Fighting
  7001 | D:9      | Reached skill level 8 in Spellcasting
  7446 | D:10     | Entered Level 10 of the Dungeon
  7675 | D:10     | Noticed a two-headed ogre
  7683 | D:10     | Killed a two-headed ogre
  7684 | D:10     | Reached skill level 3 in Armour
  7684 | D:10     | Reached XP level 11. HP: 50/60 MP: 24/24
  7733 | D:10     | Found a viscous altar of Jiyva.
  7825 | D:10     | Found a staircase to the Lair.
  7895 | D:10     | Reached skill level 9 in Spellcasting
  8162 | D:10     | Found a transporter.
  8162 | D:10     | Found a transporter.
  8624 | D:10     | Found a white marble altar of Elyvilon.
  8708 | Lair:1   | Entered Level 1 of the Lair of Beasts
  8717 | Lair:1   | Reached skill level 4 in Armour
  8724 | Lair:1   | Reached skill level 9 in Fighting
  8945 | Lair:1   | Gained mutation: You occasionally lose the ability to drink
                  | potions when taking damage. [Ru sacrifice]
  8945 | Lair:1   | Gained mutation: You sometimes lose the ability to drink
                  | potions when taking damage. [Ru sacrifice]
  8945 | Lair:1   | Reached **** piety under Ru
  9034 | Lair:1   | Reached skill level 5 in Armour
  9061 | Lair:1   | Reached skill level 10 in Spellcasting
  9648 | Lair:2   | Reached XP level 12. HP: 57/67 MP: 27/27
  9728 | Lair:2   | Reached skill level 10 in Fighting
  9791 | Lair:2   | Reached skill level 6 in Armour
  9848 | Lair:2   | Identified the +11 dagger "Abrus" {protect, Will+}
  9869 | Lair:2   | Noticed a death yak
  9869 | Lair:2   | Noticed a death yak
  9869 | Lair:2   | Noticed a death yak
  9869 | Lair:2   | Noticed a death yak
  9870 | Lair:2   | Noticed a death yak
  9871 | Lair:2   | Noticed a death yak
  9882 | Lair:2   | Killed a death yak
  9909 | Lair:2   | Killed a death yak
  9921 | Lair:2   | Killed a death yak
  9934 | Lair:2   | Killed a death yak
  9935 | Lair:2   | Reached skill level 11 in Spellcasting
  9943 | Lair:2   | Killed a death yak
  9953 | Lair:2   | Killed a death yak
 10082 | Lair:2   | Reached skill level 7 in Armour
 10151 | Lair:2   | Noticed a seven-headed hydra
 10167 | Lair:2   | Killed a seven-headed hydra
 10168 | Lair:2   | Reached skill level 11 in Fighting
 10168 | Lair:2   | Reached skill level 1 in Dodging
 10168 | Lair:2   | Reached skill level 3 in Shields
 10240 | Lair:2   | Reached skill level 2 in Dodging
 10240 | Lair:2   | Reached XP level 13. HP: 9/74 MP: 22/29
 10339 | Lair:2   | Reached skill level 4 in Shields
 10381 | Lair:2   | Found a staircase to the Shoals.
 10897 | Lair:3   | Found a gate leading to a gauntlet.
 10905 | Gauntlet | Entered a Gauntlet
 10905 | Gauntlet | Found a large runed translucent door.
 10905 | Gauntlet | Found a large runed translucent door.
 10905 | Gauntlet | Found a large runed translucent door.
 10905 | Gauntlet | Found a large runed translucent door.
 10905 | Gauntlet | Found a large runed translucent door.
 10905 | Gauntlet | Found a large runed translucent door.
 10905 | Gauntlet | Found a large runed translucent door.
 10905 | Gauntlet | Found a large runed translucent door.
 10905 | Gauntlet | Found a runed translucent door.
 10905 | Gauntlet | Found a runed translucent gate.
 10905 | Gauntlet | Found a transporter.
 10905 | Gauntlet | Found a transporter.
 10905 | Gauntlet | Found a runed translucent gate.
 10905 | Gauntlet | Found a transporter.
 10906 | Gauntlet | Found a transporter.
 10909 | Gauntlet | Found a transporter.
 10919 | Gauntlet | Found the +8 frozen axe "Frostbite" {freeze, freezing
                  | cloud, *Noise Fly rC+}
 10921 | Gauntlet | Upgraded the game from 0.31-a0-175-g9f7f995f2b to
                  | 0.31-a0-180-g519b7de00c
 10921 | Gauntlet | Found a transporter.
 10977 | Gauntlet | Found a runed translucent door.
 10978 | Gauntlet | Found a large runed translucent door.
 10978 | Gauntlet | Found a large runed translucent door.
 10978 | Gauntlet | Found a large runed translucent door.
 10978 | Gauntlet | Found a large runed translucent door.
 10979 | Gauntlet | Found a large runed translucent door.
 10979 | Gauntlet | Found a large runed translucent door.
 10980 | Gauntlet | Found a large runed translucent door.
 10980 | Gauntlet | Found a large runed translucent door.
 10984 | Gauntlet | Found a transporter.
 10994 | Gauntlet | Found a transporter.
 11009 | Gauntlet | Found a transporter.
 11021 | Gauntlet | Found a transporter.
 11034 | Gauntlet | Found a transporter.
 11040 | Gauntlet | Found a transporter.
 11063 | Gauntlet | Found a runed translucent gate.
 11169 | Gauntlet | Identified the ring of the Eagle {rN++ Will+ Str+6 Dex+3
                  | Stlth-}
 11195 | Gauntlet | Reached skill level 3 in Dodging
 11214 | Gauntlet | Gained mutation: You are hated by all. [Ru sacrifice]
 11214 | Gauntlet | Reached ***** piety under Ru
 11227 | Gauntlet | Identified the ring of Uwkej {*Corrode rC+++ rN+ Will+
                  | Slay+3}
 11274 | Gauntlet | Identified the ring of Equilibrium {Wiz rCorr Int+6}
 11274 | Gauntlet | Noticed a minotaur
 11278 | Gauntlet | Killed a minotaur
 11279 | Gauntlet | Reached skill level 1 in Axes
 11354 | Lair:3   | Reached skill level 2 in Axes
 11473 | Lair:3   | Reached skill level 3 in Axes
 11486 | Lair:3   | Found a staircase to the Snake Pit.
 11650 | Lair:3   | Reached skill level 4 in Axes
 11952 | Lair:4   | You are sucked into a shaft and drop 1 floor!
 11952 | Lair:5   | Entered Level 5 of the Lair of Beasts
 11964 | Lair:5   | Reached skill level 5 in Axes
 11969 | Lair:5   | Reached skill level 6 in Axes
 11982 | Lair:5   | Reached skill level 7 in Axes
 12166 | Lair:4   | Reached skill level 8 in Axes
 12510 | Lair:4   | Reached XP level 14. HP: 47/79 MP: 17/30
 12748 | Lair:4   | Gained mutation: You are somewhat unskilled. (-1 Apt) [Ru
                  | sacrifice]
 12748 | Lair:4   | Reduced skill Fighting to level 10
 12748 | Lair:4   | Reduced skill Axes to level 7
 12748 | Lair:4   | Reduced skill Maces & Flails to level 9
 12748 | Lair:4   | Reduced skill Armour to level 6
 12748 | Lair:4   | Reduced skill Dodging to level 2
 12748 | Lair:4   | Reduced skill Spellcasting to level 10
 12748 | Lair:4   | Reached ****** piety under Ru
 13000 | Lair:5   | Reached skill level 8 in Axes
 13192 | Lair:5   | Noticed Rupert
 13205 | Lair:5   | Killed Rupert
 13206 | Lair:5   | Reached skill level 9 in Axes
 13547 | Lair:5   | Reached skill level 10 in Axes
 13566 | Lair:5   | Found a staircase to the Slime Pits.
 13620 | Lair:5   | Noticed a dire elephant
 13621 | Lair:5   | Noticed a dire elephant
 13885 | Lair:5   | Killed a dire elephant
 13919 | Lair:5   | Killed a dire elephant
 13920 | Lair:5   | Reached skill level 11 in Axes
 14817 | Orc:1    | Entered Level 1 of the Orcish Mines
 15168 | Orc:2    | Entered Level 2 of the Orcish Mines
 15197 | Orc:2    | Found a staircase to the Elven Halls.
 15310 | Orc:2    | Reached skill level 12 in Axes
 15320 | Orc:2    | Reached XP level 15. HP: 58/67 MP: 17/30
 15452 | Orc:2    | Found Riepaosm's Book Boutique.
 15453 | Orc:2    | Found Vunausiw's Antique Weapon Shoppe.
 15453 | Orc:2    | Found Dehuente's Weapon Shop.
 15456 | Orc:2    | Found Hats's Jewellery Emporium.
 15474 | Orc:2    | Found a frozen archway.
 15483 | IceCv    | Entered an ice cave
 15516 | IceCv    | Found a transporter.
 15525 | IceCv    | Found a transporter.
 15793 | Orc:2    | Bought a glowing battleaxe for 294 gold pieces
 16512 | D:11     | Reached skill level 13 in Axes
 16887 | D:12     | Noticed Maurice
 16894 | D:12     | Killed Maurice
 16929 | D:12     | Noticed Sonja
 16937 | D:12     | Killed Sonja
 17641 | D:13     | Found a gate to the Vaults.
 17647 | D:13     | Reached skill level 11 in Fighting
 18909 | D:14     | Reached skill level 14 in Axes
 19059 | D:15     | Entered Level 15 of the Dungeon
 19059 | D:15     | Found a staircase to the Depths.
 19689 | D:15     | Noticed Agnes
 19706 | D:15     | Killed Agnes
 19707 | D:15     | Reached XP level 16. HP: 77/81 MP: 22/31
 19852 | D:15     | Found an opulent altar of Gozag.
 20292 | Snake:1  | Entered Level 1 of the Snake Pit
 20761 | Snake:1  | Noticed a nagaraja
 20768 | Snake:1  | Killed a nagaraja
 20769 | Snake:1  | Reached skill level 15 in Axes
 20892 | Snake:1  | Noticed a nagaraja
 20904 | Snake:1  | Killed a nagaraja
 20905 | Snake:1  | Reached skill level 12 in Fighting
 21591 | Snake:2  | Identified the +6 quarterstaff of Reinforcement {protect,
                  | rC+ Int+3 SInv Stlth+}
 21801 | Snake:2  | Found Gyed Rasa's Jewellery Shoppe.
 21801 | Snake:2  | Found Zuagup's Book Boutique.
 21802 | Snake:2  | Found Xacouppyit's Jewellery Shoppe.
 21812 | Snake:2  | Bought the ring "Xynopis" {rPois rC+ Int+2 Slay+2} for 683
                  | gold pieces
 21895 | Snake:3  | Found Hesm's Armour Shop.
 22669 | Snake:3  | Found the +3 Elemental Staff {rElec rF+ rC+ AC+3}
 23035 | Snake:4  | Entered Level 4 of the Snake Pit
 23072 | Snake:4  | Reached skill level 16 in Axes
 23417 | Snake:4  | Reached XP level 17. HP: 84/94 MP: 30/32
 23605 | Snake:4  | Reached skill level 13 in Fighting
 23898 | Snake:4  | Reached skill level 17 in Axes
 24215 | Snake:4  | Got a serpentine rune of Zot
 24540 | Shoals:1 | Entered Level 1 of the Shoals
 24778 | Shoals:1 | Noticed wolfgangpup's ghost (adept GnFi)
 24783 | Shoals:1 | Found a runed translucent gate.
 24783 | Shoals:1 | Found a runed translucent gate.
 24792 | Shoals:1 | Found a runed translucent gate.
 25356 | Shoals:2 | Noticed Ilsuiw
 25360 | Shoals:2 | Killed Ilsuiw
 25362 | Shoals:2 | Noticed Mungiw's ghost (adept MiBe)
 25590 | Shoals:2 | Found a bloodstained altar of Trog.
 25866 | Shoals:2 | Reached XP level 18. HP: 101/101 MP: 33/33
 25878 | Shoals:2 | Reached skill level 18 in Axes
 25879 | Shoals:2 | Reached skill level 14 in Fighting
 25892 | Shoals:2 | Identified a scroll of acquirement
 25902 | Shoals:2 | Acquired a +4 executioner's axe of electrocution
 26142 | Shoals:2 | Found a transporter.
 26144 | Shoals:2 | Found a transporter.
 26511 | Shoals:3 | Identified the +2 chain mail "Umaogod" {rN+ Int+3 Dex-4}
 26667 | Shoals:3 | Identified a +0 robe of the Archmagi
 26781 | Shoals:3 | Found a runed translucent gate.
 26782 | Shoals:3 | Found a runed translucent gate.
 26783 | Shoals:3 | Found a runed translucent gate.
 26784 | Shoals:3 | Noticed Ofeo's ghost (adept AtRe)
 26830 | Shoals:3 | Acquired the amulet of the Empire {Acrobat Str+6}
 27193 | Shoals:4 | Entered Level 4 of the Shoals
 27371 | Shoals:4 | Reached skill level 19 in Axes
 27691 | Shoals:4 | Got the Compendium of the Ground and Assaults
 27694 | Shoals:4 | Got a barnacled rune of Zot
 27741 | Shoals:4 | Found the +8 trident of the Octopus King {venom, rElec
                  | rPois}
 28267 | Elf:1    | Entered Level 1 of the Elven Halls
 28291 | Elf:1    | Found a radiant altar of Vehumet.
 28546 | Elf:1    | Reached skill level 15 in Fighting
 28598 | Elf:1    | Reached XP level 19. HP: 108/108 MP: 34/34
 28654 | Elf:1    | Reached skill level 7 in Armour
 28980 | Elf:2    | Found Vuliadd's Antique Armour Shop.
 29078 | Elf:2    | Found Hezuis's Distillery.
 29127 | Elf:2    | Found a runed translucent gate.
 29128 | Elf:2    | Found a runed translucent gate.
 29128 | Elf:2    | Found a runed translucent gate.
 29153 | Elf:2    | Found Dapua's Antique Armour Shop.
 29161 | Elf:2    | Bought a shimmering scale mail for 180 gold pieces
 29161 | Elf:2    | Identified the +11 scale mail "Ubuom" {*Corrode rPois
                  | Int+7} (You bought it in a shop on level 2 of the Elven
                  | Halls)
 29285 | Elf:2    | Found Wipsood's Jewellery Shoppe.
 29458 | Elf:2    | Found Roliz's Magic Scroll Emporium.
 29461 | Elf:2    | Bought a scroll of blinking for 97 gold pieces
 29461 | Elf:2    | Bought a scroll of revelation for 97 gold pieces
 29461 | Elf:2    | Bought a scroll of teleportation for 39 gold pieces
 29749 | Vaults:1 | Entered Level 1 of the Vaults
 29957 | Vaults:1 | Reached skill level 8 in Armour
 30400 | Vaults:1 | Found Teavvidi's Book Boutique.
 30408 | Vaults:1 | Bought a manual of Fighting for 800 gold pieces
 30702 | Vaults:1 | Reached skill level 9 in Armour
 31007 | Vaults:2 | HP: 9/109 [orc knight/+0 halberd (12)]
 31203 | Vaults:2 | Reached skill level 16 in Fighting
 31349 | Vaults:2 | Reached skill level 10 in Armour
 31527 | Vaults:2 | Found a runed translucent door.
 31527 | Vaults:2 | Noticed Yptir's ghost (adept AtFE)
 31705 | Vaults:2 | Reached XP level 20. HP: 79/103 MP: 17/35
 32145 | Vaults:2 | Reached skill level 11 in Armour
 32403 | Vaults:3 | Reached skill level 17 in Fighting
 32471 | Vaults:3 | Identified the +1 pair of boots "Petsif" {Rampage *Slow
                  | +Blink Dex+3}
 32947 | Vaults:3 | Found Ixzanomo's Assorted Antiques.
 32956 | Vaults:3 | Bought a scroll of fog for 128 gold pieces
 32956 | Vaults:3 | Bought a scroll of teleportation for 96 gold pieces
 33119 | Vaults:3 | Found a staircase to the Crypt.
 33410 | Vaults:3 | Reached skill level 12 in Armour
 33984 | Vaults:4 | Reached skill level 18 in Fighting
 34159 | Vaults:4 | Reached XP level 21. HP: 122/123 MP: 36/36
 34215 | Vaults:4 | Reached skill level 13 in Armour
 34518 | Vaults:4 | Identified the +8 ice dragon scales of the Pirate {rElec
                  | rF- rC++ Str+10 Int-3 Dex-2}
 35036 | Depths:1 | Entered Level 1 of the Depths
 35041 | Depths:1 | Found Ore Loudgh's Weapon Shoppe.
 35091 | Depths:1 | Noticed a juggernaut
 35183 | Depths:1 | Killed a juggernaut
 35267 | Depths:1 | Killed from afar by a fire giant

Vanquished Creatures
  A juggernaut (Depths:1)
  Rupert (Lair:5)
  A lich (Depths:1)
  5 sphinxes
  Agnes (D:15)
  A kraken (Shoals:4)
  A storm dragon (Vaults:3)
  8 nagarajas
  A tengu reaver (Vaults:2)
  Ilsuiw (Shoals:2)
  A frost giant (Depths:1)
  2 deep elf sorcerers
  12 vault wardens
  A spriggan defender (Depths:1)
  20 ironbound preservers
  A war gargoyle (Vaults:2)
  4 orc warlords
  A formless jellyfish (Vaults:4)
  2 ironbound thunderhulks (Vaults:2)
  A vampire knight (Vaults:3)
  2 stone giants
  6 dire elephants
  2 spark wasps (Depths:1)
  2 minotaurs
  A deep elf death mage (Vaults:3)
  2 merfolk javelineers (Shoals:2)
  4 great orbs of eyes
  7 merfolk impalers
  6 yaktaur captains
  4 ironbound frosthearts
  A spriggan air mage (Depths:1)
  10 vault guards
  3 entropy weavers
  2 salamander tyrants (Snake:4)
  3 merfolk avatars
  6 merfolk aquamancers
  6 hydras
  3 alligator snapping turtles
  4 boulder beetles
  5 two-headed ogres
  A death knight (D:15)
  7 anacondas
  14 centaur warriors
  7 dancing weapons
  A deep troll shaman (Depths:1)
  2 tengu warriors (D:13)
  6 satyrs
  3 vampire magi
  2 deep troll earth magi (Depths:1)
  12 naga warriors
  2 orc high priests (Orc:1)
  8 naga sharpshooters
  2 spriggan berserkers
  A spriggan (Depths:1)
  11 shock serpents
  11 death yaks
  2 skysharks
  2 deep elf knights (Elf:1)
  Sonja (D:12)
  A titan skeleton (D:15)
  2 iron trolls (Depths:1)
  3 skeletal warriors (D:15)
  2 salamander mystics
  60 deep trolls
  2 glowing orange brains
  A spectral anaconda (Lair:5)
  28 sea snakes
  13 wizards
  A deep elf archer (Elf:1)
  A shadow dragon zombie (D:15)
  27 harpies
  3 lindwurms
  7 orc knights
  A naga ritualist (Snake:3)
  20 ironbound convokers
  3 phantasmal warriors
  6 necromancers
  16 deep elf pyromancers
  A wolf spider (D:15)
  5 mana vipers
  7 deep elf zephyrmancers
  5 orc sorcerers
  8 salamanders
  16 fauns
  15 ugly things
  16 elephants
  19 manticores
  8 cyclopes
  16 black mambas
  2 guardian serpents
  6 merfolk sirens
  Maurice (D:12)
  19 naga magi
  A torpor snail (Lair:5)
  4 water nymphs
  11 vault sentinels
  2 ice statues (IceCv)
  10 cane toads
  A kobold demonologist (D:11)
  An unseen horror (D:12)
  2 freezing wraiths
  2 tengu conjurers (Depths:1)
  A dire elephant skeleton (Lair:5)
  7 komodo dragons
  20 yaktaurs
  An anaconda simulacrum (IceCv)
  3 rime drakes
  An efreet (D:15)
  A polar bear (Lair:5)
  A hornet (Depths:1)
  4 trolls
  20 merfolk
  A wolf spider simulacrum (D:15)
  4 wind drakes
  6 snapping turtles
  A tyrant leech (Gauntlet)
  A dream sheep (shapeshifter) (Vaults:3)
  16 dream sheep
  8 blink frogs
  A spriggan zombie (D:15)
  5 spectral elephants (Lair:5)
  A centaur simulacrum (D:15)
  23 slime creatures
  An air elemental (Elf:1)
  49 yaks
  4 wraiths
  4 wyverns
  9 water elementals
  A human (shapeshifter) (Elf:2)
  2 vampires
  18 humans (D:13)
  4 death yak simulacra (Lair:5)
  5 fire elementals
  3 vampire mosquitoes (D:14)
  7 basilisks
  A steam dragon (Lair:4)
  4 redbacks
  49 nagas
  2 swamp worms (Gauntlet)
  A spectral cane toad (Lair:5)
  A warg (Orc:2)
  3 acid dragons
  15 water moccasins
  A human zombie (D:15)
  A sky beast (D:6)
  Pargi (D:3)
  2 ice beasts
  37 orc warriors
  2 elephant zombies (Lair:5)
  6 ogres
  5 black bears
  5 boggarts (Vaults:1)
  26 centaurs
  3 wolves (D:10)
  4 elephant skeletons (Lair:5)
  A phantom (D:6)
  2 kobold brigands
  11 bullfrogs
  6 scorpions
  2 gnoll sergeants
  An earth elemental (Elf:2)
  4 killer bees (D:9)
  2 elephant simulacra
  4 electric eels
  3 howler monkeys
  A lava snake (D:14)
  5 jellies (Lair:3)
  A hound (D:4)
  15 orc priests
  3 sleepcaps
  Terence (D:2)
  3 iguanas
  21 orc wizards
  5 hell rats (Lair:5)
  A wolf simulacrum (IceCv)
  16 gnolls
  5 river rats (Sewer)
  13 adders
  2 shadow imps (Gauntlet)
  2 white imps
  2 ufetubi (D:6)
  6 worms
  3 dart slugs
  56 orcs
  13 bats
  18 endoplasms
  6 giant cockroaches
  7 goblins
  6 hobgoblins
  8 jackals
  5 quokkas
  13 ball pythons
  10 frilled lizards
  15 kobolds
  A rat (D:2)
  A tentacle (Shoals:4)
1317 creatures vanquished.

Vanquished Creatures (others)
  A yaktaur captain (Vaults:3)
  A centaur warrior (Vaults:2)
  A death yak (Lair:5)
  2 deep trolls
  An ironbound convoker (Vaults:3)
  An ugly thing (IceCv)
  A deep elf zephyrmancer (Elf:1)
  A merfolk siren (Shoals:2)
  A black mamba (Snake:1)
  An elephant (Lair:5)
  A naga mage (Snake:1)
  A cane toad (Lair:5)
  A yaktaur (Vaults:1)
  A komodo dragon (Lair:2)
  2 dream sheep
  An air elemental (Elf:1)
  A wraith (D:15)
  An ogre (Orc:1)
  A kobold brigand (D:9)
  A jelly (Lair:3)
  A polar bear simulacrum (IceCv)
  An orc (Orc:2)
  3 tentacles (Shoals:4)
27 creatures vanquished.

Grand Total: 1344 creatures vanquished

Table legend: (Time is in decaauts)
 A = Elapsed time spent in this place.
 B = Non-inter-level travel time spent in this place.
 C = Inter-level travel time spent in this place.
 D = Time resting spent in this place.
 E = Time spent auto-exploring this place.
 F = Levels seen in this place.
 G = Mean time per level.
                   A        B        C        D        E       F      G
               +--------+--------+--------+--------+--------+-----+--------+
         Total |  35193 |  32353 |   2840 |   1498 |  23732 |  41 |  858.4 |
       Dungeon |  12556 |  11327 |   1229 |    449 |   8798 |  15 |  837.1 |
        Temple |    148 |    119 |     29 |      0 |     89 |   1 |  148.0 |
          Lair |   5644 |   5169 |    475 |     34 |   3909 |   5 | 1128.8 |
        Shoals |   3567 |   3368 |    199 |    367 |   2256 |   4 |  891.8 |
     Snake Pit |   4197 |   4002 |    195 |    151 |   2878 |   4 | 1049.2 |
  Orcish Mines |   1421 |   1229 |    192 |    165 |    804 |   2 |  710.5 |
   Elven Halls |   1415 |   1228 |    187 |      0 |    978 |   2 |  707.5 |
        Vaults |   4837 |   4507 |    330 |    296 |   3236 |   4 | 1209.2 |
        Depths |     81 |     81 |      0 |      0 |     14 |   1 |   81.0 |
         Sewer |    806 |    806 |      0 |      0 |    553 |   1 |  806.0 |
      Ice Cave |    120 |    120 |      0 |     36 |      5 |   1 |  120.0 |
      Gauntlet |    395 |    395 |      0 |      0 |    211 |   1 |  395.0 |
               +--------+--------+--------+--------+--------+-----+--------+

Top non-repeatable levels by time:
  Lair:5: 1703 daAuts
Vaults:3: 1483 daAuts
Vaults:1: 1401 daAuts
Vaults:2: 1392 daAuts
    D:10: 1370 daAuts
  Lair:2: 1332 daAuts
 Snake:3: 1298 daAuts
 Snake:4: 1298 daAuts
     D:9: 1188 daAuts
 Snake:1: 1095 daAuts
Shoals:3: 1067 daAuts
    D:13: 1054 daAuts
    D:14: 1042 daAuts
     D:2: 1041 daAuts
    D:15: 1016 daAuts

Table legend:
 A = Non-vault XP
 B = Vault XP
 C = Vault XP percentage of total XP
 D = Non-vault monster count
 E = Vault monster count
 F = Vault count percentage of total count
                 A         B        C        D         E       F
            +---------+---------+-------+---------+---------+-------
      Total |  347419 |  193433 |  35.8 |     898 |     439 |  32.8
            +---------+---------+-------+---------+---------+-------
        D:1 |      43 |       0 |   0.0 |      19 |       0 |   0.0
        D:2 |      68 |      46 |  40.4 |      19 |       7 |  26.9
        D:3 |     100 |     134 |  57.3 |       7 |       1 |  12.5
        D:4 |     488 |       7 |   1.4 |      25 |       2 |   7.4
        D:5 |     967 |       0 |   0.0 |      23 |       0 |   0.0
        D:6 |    1282 |       0 |   0.0 |      27 |       0 |   0.0
        D:7 |     631 |    1501 |  70.4 |      12 |       6 |  33.3
        D:8 |    1565 |       0 |   0.0 |      12 |       0 |   0.0
        D:9 |    1942 |       0 |   0.0 |      20 |       0 |   0.0
       D:10 |    1727 |    1887 |  52.2 |      18 |      13 |  41.9
       D:11 |    3287 |       0 |   0.0 |      20 |       0 |   0.0
       D:12 |    2747 |    1234 |  31.0 |       9 |       2 |  18.2
       D:13 |    5314 |    7328 |  58.0 |      14 |      25 |  64.1
       D:14 |    3296 |     696 |  17.4 |      14 |       1 |   6.7
       D:15 |    9193 |    5229 |  36.3 |      18 |       8 |  30.8
     Lair:1 |    2481 |    2483 |  50.0 |      14 |      12 |  46.2
     Lair:2 |   16457 |     271 |   1.6 |      48 |       1 |   2.0
     Lair:3 |    3835 |    1150 |  23.1 |      15 |      24 |  61.5
     Lair:4 |    5868 |       0 |   0.0 |      20 |       0 |   0.0
     Lair:5 |   17781 |   12430 |  41.1 |      45 |      31 |  40.8
   Shoals:1 |   10304 |       0 |   0.0 |      18 |       0 |   0.0
   Shoals:2 |   20453 |    2958 |  12.6 |      38 |       4 |   9.5
   Shoals:3 |   21362 |    4172 |  16.3 |      41 |       5 |  10.9
   Shoals:4 |   12567 |   21629 |  63.3 |      22 |      31 |  58.5
    Snake:1 |   10432 |    7478 |  41.8 |      21 |      11 |  34.4
    Snake:2 |    4393 |       0 |   0.0 |      11 |       0 |   0.0
    Snake:3 |   14763 |       0 |   0.0 |      33 |       0 |   0.0
    Snake:4 |   25508 |   20341 |  44.4 |      46 |      34 |  42.5
      Orc:1 |    2320 |    1067 |  31.5 |      15 |       3 |  16.7
      Orc:2 |    3985 |    5621 |  58.5 |      38 |      41 |  51.9
      Elf:1 |    7196 |    9507 |  56.9 |      13 |      17 |  56.7
      Elf:2 |    4036 |    4825 |  54.5 |       8 |       7 |  46.7
   Vaults:1 |   23490 |   14662 |  38.4 |      40 |      19 |  32.2
   Vaults:2 |   24576 |   27064 |  52.4 |      40 |      35 |  46.7
   Vaults:3 |   32878 |   15445 |  32.0 |      49 |      21 |  30.0
   Vaults:4 |   31003 |   15270 |  33.0 |      42 |      19 |  31.1
   Depths:1 |   19081 |    3743 |  16.4 |      24 |       1 |   4.0
      Sewer |       0 |     189 | 100.0 |       0 |      41 | 100.0
      IceCv |       0 |    2060 | 100.0 |       0 |       8 | 100.0
   Gauntlet |       0 |    3006 | 100.0 |       0 |       9 | 100.0
            +---------+---------+-------+---------+---------+-------
